 Dungeon Crawl Stone Soup version 0.26.0-45-g9c1d065592 (webtiles) character file.

Game seed: 3309730456990554261

132 thiole the Stinger (level 5, 0/31 HPs)
             Began as an Octopode Venom Mage on Jan 27, 2021.
             Killed by divine providence
             ... invoked by an orc priest
              (16 damage)
             ... on level 3 of the Dungeon.
             The game lasted 00:04:00 (2755 turns).

thiole the Stinger (Octopode Venom Mage)            Turns: 2755, Time: 00:04:00

Health: 0/31       AC:  1    Str:  7    XL:     5   Next: 15%
Magic:  3/9        EV: 14    Int: 18    God:
Gold:   118        SH:  0    Dex: 19    Spells: 1/9 levels left

rFire    . . .     SeeInvis .   (no weapon)
rCold    . . .     Faith    .   (no shield)
rNeg     + . .     Spirit   .   (helmet restricted)
rPois    .         Reflect  .   (no amulet)
rElec    .         Harm     .   l - ring of positive energy
rCorr    .         Rampage  .   m - +6 ring of dexterity
Will     .....                  (no ring)
Stlth    +++.......             (no ring)
HPRegen  0.10/turn              (no ring)
MPRegen  0.11/turn              (no ring)
                                (no ring)
                                (no ring)

@: lethally poisoned (0 -> -8)
A: almost no armour, stealthy swim, amphibious, 8 rings, constrict 8, camouflage
1, gelatinous body 1
a: no special abilities


You were on level 3 of the Dungeon.
You visited 1 branch of the dungeon, and saw 3 of its levels.

You collected 118 gold pieces.

Inventory:

Jewellery
 l - a ring of positive energy (left tentacle)
 m - a +6 ring of dexterity (right tentacle)
Wands
 n - a wand of polymorph (12)
Scrolls
 b - 5 scrolls of teleportation
 c - a scroll of blinking {unknown}
 d - 2 scrolls of identify {unknown}
 e - a scroll of enchant weapon {unknown}
 h - a scroll of enchant armour {unknown}
 j - 2 scrolls of remove curse
Potions
 a - a potion of degeneration {unknown}
 f - a potion of resistance {unknown}
 g - a potion of ambrosia
 i - 2 potions of attraction {unknown}
 k - a potion of curing {unknown}
 o - a potion of magic {unknown}


   Skills:
 - Level 2.0 Dodging
 - Level 2.6 Stealth
 + Level 2.7 Spellcasting
 + Level 3.0 Transmutations
 * Level 0.6 Fire Magic
 - Level 5.0 Poison Magic


You had one spell level left.
You knew the following spells:

 Your Spells              Type           Power        Failure   Level
a - Sting                 Tmut/Pois      68%          3%          1
b - Ignite Poison         Fire/Tmut/Pois 12%          16%         3
c - Olgreb's Toxic Radia  Pois           20%          22%         4

Your spell library contained the following spells:

 Spells                   Type           Power        Failure   Level
 Poisonous Vapours        Pois/Air       22%          9%          2
 Mephitic Cloud           Conj/Pois/Air  8%           26%         3


Dungeon Overview and Level Annotations

Branches:
Dungeon (3/15)

Altars:
Nemelex Xobeh


Innate Abilities, Weirdness & Mutations

You cannot wear most types of armour.
You are very stealthy in the water. (Stealth+)
You are amphibious.
You can wear up to eight rings at the same time.
You can use your tentacles to constrict eight enemies at once.
Your skin changes colour to match your surroundings (Stealth+).
Your rubbery body absorbs attacks. (AC +1, EV +1)


Message History

Press: ? - help, Shift-Dir - straight line, f/p - worker ant
Aim: a worker ant (lightly wounded, poisoned, 26% to evade)
The sting hits the worker ant.
The worker ant looks even sicker.
The worker ant is moderately wounded.
You feel sick.
The orc priest looks satisfied for a moment.
The worker ant bites you.
Casting: Sting (safe; 3% risk of failure)
Confirm with . or Enter, or press ? or * to list all spells.
Aiming: Sting (safe; 3% risk of failure)
Press: ? - help, Shift-Dir - straight line, f/p - worker ant
Aim: a worker ant (moderately wounded, very poisoned, 26% to evade)
The sting hits the worker ant but does no damage.
The worker ant looks even sicker.
The worker ant is moderately wounded.
You feel sick.
The orc priest calls down the wrath of Beogh upon you.
Beogh smites you!
Ouch! That really hurt!
You die...

..>.............................#
......##.....###.###.#####..)....
......##.....# #.# #.# #######.
##+#####.....###.###>###########.
#...........+...................
#######.....###(###.############
#.....# #.# #.# ....... #.....#
#.# #.# ....... ####### #@# #.#
....... #B# #+# .......
......oK.# ....... .......o.#
....... .......o.# .......
.........# ....... .........# ...
.........# # !........#


You could see a worker ant (very poisoned), an orc priest, 2 orcs and a kobold.

Vanquished Creatures
  A gnoll (D:1)
  4 adders
  An ufetubus (D:2)
  An ooze (D:1)
  2 worms
  3 dart slugs
  2 leopard geckos
  2 orcs
  9 bats
  A giant cockroach (D:2)
  3 goblins (D:1)
  7 hobgoblins
  4 jackals (D:3)
  9 kobolds
  6 frilled lizards
  6 rats
61 creatures vanquished.

Notes
Turn   | Place    | Note
-------+----------+-------------------------------------------
     0 | D:1      | thiole the Octopode Venom Mage began the quest for the Orb.
     0 | D:1      | Reached XP level 1. HP: 11/11 MP: 3/3
   128 | D:1      | Reached XP level 2. HP: 17/17 MP: 1/5
   138 | D:1      | Reached skill level 4 in Poison Magic
   511 | D:1      | Reached XP level 3. HP: 16/21 MP: 6/6
  1218 | D:2      | Learned a level 3 spell: Ignite Poison
  1504 | D:2      | Found a sparkling altar of Nemelex Xobeh.
  1592 | D:2      | Reached XP level 4. HP: 26/27 MP: 5/7
  2059 | D:2      | Reached skill level 5 in Poison Magic
  2481 | D:3      | Learned a level 4 spell: Olgreb's Toxic Radiance
  2519 | D:3      | Reached XP level 5. HP: 31/31 MP: 4/9
  2755 | D:3      | Killed from afar by an orc priest

Illustrated notes

Levels and vault maps discovered:
D:1:      roderic_octagonal_star, layout_basic, st_stairs_6, minivault_4,
          chequers_arboretum
D:2:      layout_loops_ring, nicolae_overflow_crystal_walls
D:3:      layout_basic

Skill      XL: |  1  2  3  4 |
---------------+-------------+-----
Poison Magic   | 4 5 |  5.0
Transmutations | 2 3 |  3.0
Dodging        | |  2.0
Stealth        | |  2.6
Spellcasting   | |  2.7
Fire Magic     | |  0.6

Action                   |  1- 3 |  4- 6 || total
-------------------------+-------+-------++-------
Melee: Unarmed           |    44 |    24 ||    68
       Constrict         |    13 |     3 ||    16
       Tentacles         |     7 |     8 ||    15
 Cast: Sting             |    46 |    47 ||    93
  Use: Scroll            |       |     2 ||     2
       Potion            |       |     1 ||     1
Armor: Skin              |    10 |     3 ||    13
Dodge: Dodged            |    37 |    34 ||    71
